 Dungeon Crawl Stone Soup version 0.30-a0-760-g5a9884bb7c (webtiles) character file.

Game seed: 13349357357670010456

502 Farfigtubin the Chopper (level 7, -3/60 HPs)
             Began as a Hill Orc Fighter on Feb 10, 2023.
             Slain by a gnoll
             ... wielding a +0 spear
              (4 damage)
             ... on level 5 of the Dungeon.
             The game lasted 00:16:39 (2032 turns).

Farfigtubin the Chopper (Hill Orc Fighter)          Turns: 2032, Time: 00:16:40

Health: -3/60      AC:  7    Str: 19    XL:     7   Next: 17%
Magic:  7/7        EV:  9    Int:  8    God:
Gold:   118        SH: 10    Dex: 12    Spells: 6/6 levels left

rFire   . . .      SeeInvis .    p - +3 hand axe (elec)
rCold   . . .      Faith    .    c - +0 buckler
rNeg    . . .      Spirit   .    b - +0 scale mail
rPois   .          Reflect  +    (no helmet)
rElec   .          Harm     .    (no cloak)
rCorr   .          Rampage  .    (no gloves)
Will    .....                    (no boots) Stlth
                                 g - amulet of reflection
HPRegen 0.30/turn                (no ring)
MPRegen 0.10/turn                (no ring)

@: mighty
A: no striking features
a: no special abilities


You were on level 5 of the Dungeon.
You visited 1 branch of the dungeon, and saw 5 of its levels.

You collected 256 gold pieces.
You spent 138 gold pieces at shops.

Inventory:

Hand Weapons
 p - a +3 hand axe of electrocution (weapon)
Armour
 b - a +0 scale mail (worn)
 c - a +0 buckler (worn)
Magical Staves
 m - a staff of poison
Jewellery
 g - an amulet of reflection (around neck)
Scrolls
 a - a scroll of fear {unknown}
 f - 2 scrolls of poison
 h - 2 scrolls of teleportation {unknown}
 i - 3 scrolls of identify
 j - 3 scrolls of enchant armour {unknown}
 k - a scroll of torment {unknown}
 q - 2 scrolls of fog {unknown}
 t - a scroll of enchant weapon {unknown}
Potions
 d - 2 potions of might
 e - 2 potions of haste {unknown}
 l - a potion of flight {unknown}
 n - 2 potions of curing
 o - a potion of heal wounds {unknown}
 r - a potion of magic {unknown}
 s - a potion of lignification {unknown}


   Skills:
 + Level 4.7 Fighting
 * Level 7.3 Axes
 + Level 4.2 Armour
 + Level 1.1 Dodging
 + Level 4.8 Shields


You had 6 spell levels left.
You didn't know any spells.
Your spell library contained the following spells:

 Spells                   Type           Power      Damage    Failure   Level
 Magic Dart               Conj           0%         1d3       85%         1
 Shock                    Conj/Air       0%         1d3       85%         1
 Searing Ray              Conj           0%         2d4       94%         2
 Gell's Gravitas          Tloc           0%         N/A       99%         3
 Swiftness                Air            0%         N/A       99%         3
 Teleport Other           Tloc           0%         N/A       99%         3
 Airstrike                Air            0%         2d(0-16)  100%        4
 Fulminant Prism          Conj/Hex       0%         3d5       100%        4
 Alistair's Intoxication  Tmut/Pois      0%         N/A       100%        5
 Borgnjor's Vile Clutch   Necr/Erth      0%         N/A       100%        5
 Dispersal                Tloc           0%         N/A       100%        6
 Eringya's Noxious Bog    Tmut/Pois      0%         N/A       100%        6


Dungeon Overview and Level Annotations

Branches:
Dungeon (5/15)             Temple (0/1) D:4

Altars:
Fedhas

Shops:
D:2 (


Message History

You kill Blork the orc!
You completely miss the hound. You block the gnoll's attack.
You block the hound's attack.
You slash the hound!
You kill the hound!
You slash the gnoll!
The gnoll hits you from afar with a +0 spear.
The gnoll hits you with a +0 flail.
* * * LOW HITPOINT WARNING * * *
You slash the ogre!
The ogre is severely wounded.
You hit the gnoll.
The gnoll hits you from afar with a +0 spear.
* * * LOW HITPOINT WARNING * * *
The gnoll barely misses you. You block the ogre's attack.
You barely miss the ogre.
The ogre is severely wounded.
You completely miss the gnoll.
A gnoll comes into view. It is wielding a +0 flail.
The gnoll hits you from afar with a +0 spear.
* * * LOW HITPOINT WARNING * * *
The gnoll barely misses you. The ogre barely misses you.
You slash the ogre!
You kill the ogre!
You barely miss the gnoll. The gnoll completely misses you.
The gnoll hits you with a +0 flail.
* * * LOW HITPOINT WARNING * * *
Your Axes skill increases to level 7!
You have reached level 7!
You slash the gnoll!
You kill the gnoll!
You block the gnoll's attack.
You slash the gnoll! Lightning courses through the gnoll!
You kill the gnoll!
The gnoll hits you from afar with a +0 spear.
* * * LOW HITPOINT WARNING * * *
A water moccasin comes into view.
The water moccasin hisses angrily.
The gnoll hits you with a +0 spear.
You die...

.... .# ... .# ..
... .. .. .. . .#
#.#. .## ..# ..
#)# #. #.#
.##.##.##@#.###[
.......<..g.|....
##.S...........!.
#.######........
.........
#..###### #..#
#..# ..#


You could see a water moccasin and a gnoll.

Vanquished Creatures
  An ogre (D:5)
  Blork the orc (D:5)
  2 necrophages
  2 hounds
  6 gnolls
  4 adders
  An ufetubus (D:4)
  6 worms
  5 orcs
  4 endoplasms
  2 giant cockroaches
  5 goblins
  5 hobgoblins
  3 jackals
  7 kobolds
  4 quokkas
  6 ball pythons
  5 bats
  3 frilled lizards
  3 rats
75 creatures vanquished.

Vanquished Creatures (others)
  13 demonic plants (D:2)
  A fungus (D:1)
  3 toadstools (D:1)
17 creatures vanquished.

Grand Total: 92 creatures vanquished

Notes
Turn   | Place    | Note
-------+----------+-------------------------------------------
     0 | D:1      | Farfigtubin the Hill Orc Fighter began the quest for the
                  | Orb.
     0 | D:1      | Reached XP level 1. HP: 19/19 MP: 1/1
   312 | D:1      | Reached XP level 2. HP: 27/27 MP: 2/2
   415 | D:2      | Reached skill level 3 in Axes
   571 | D:2      | Found a blossoming altar of Fedhas.
   656 | D:2      | Reached XP level 3. HP: 33/33 MP: 3/3
   788 | D:2      | Found a faded altar of an unknown god.
   953 | D:2      | Found Zettor's Antique Weapon Shoppe.
   991 | D:2      | Reached XP level 4. HP: 40/40 MP: 4/4
  1121 | D:2      | Bought a runed hand axe for 138 gold pieces
  1195 | D:3      | Reached skill level 4 in Axes
  1424 | D:3      | Reached XP level 5. HP: 44/47 MP: 5/5
  1561 | D:4      | Identified the +5 dagger of the Heavens {flame, +Blink
                  | Will+ Dex+6}
  1762 | D:4      | Reached skill level 5 in Axes
  1877 | D:4      | Found a staircase to the Ecumenical Temple.
  1910 | D:4      | Reached skill level 1 in Dodging
  1910 | D:4      | Reached XP level 6. HP: 53/53 MP: 6/6
  2008 | D:5      | Entered Level 5 of the Dungeon
  2010 | D:5      | Noticed Blork the orc
  2020 | D:5      | Reached skill level 6 in Axes
  2025 | D:5      | Killed Blork the orc
  2030 | D:5      | Reached skill level 7 in Axes
  2030 | D:5      | Reached XP level 7. HP: 4/60 MP: 7/7
  2031 | D:5      | HP: 1/60 [gnoll/+0 spear (4)]
  2032 | D:5      | Slain by a gnoll

Illustrated notes

Levels and vault maps discovered:
D:1:      minmay_arrival_four_loops, layout_basic, serial_co_window_serial,
          co_window_paths_a, co_window_paths_b, co_window_of_opportunity_a,
          co_window_corner_a, co_window_cross_1, co_window_paths_a,
          co_window_paths_c, co_window_unsneaky_path_e, co_window_corner_b,
          glass_columns_b, glass_columns_b, minmay_gold_behind_fungi,
          minmay_misc_feat_room
D:2:      layout_loops_corners, shapermc_ecumenical_altar_flowoftime,
          serial_shops, nicolae_shop_hallway_stairs, basic_altar
D:3:      layout_basic, serial_rivers, chequers_serial_rivers_micro_c,
          chequers_serial_rivers_room_a, chequers_serial_rivers_micro_e,
          chequers_serial_rivers_micro_a, chequers_serial_rivers_marsh,
          hangedman_decor_lopped
D:4:      layout_loops_cross, mainiacjoe_overflow_brackets,
          gammafunk_temple_overflow_wave, minmay_temple_entry_ruins,
          dk_noncrumbling_2
D:5:      layout_loops_ring, nicolae_overflow_hidden_temple,
          ebering_ghost_reflecting_pool, uniq_ijyb, uniq_blork_the_orc,
          uniq_pikel

Skill      XL: |  1  2  3  4  5  6 |
---------------+-------------------+-----
Axes           | 3 4 5 7 |  7.3
Fighting       | 4 |  4.7
Shields        | 4 |  4.8
Armour         | 4 |  4.2
Dodging        | 1 |  1.1

Action                     |  1- 3 |  4- 6 |  7- 9 || total
---------------------------+-------+-------+-------++-------
  Melee: War axe           |   107 |    10 |       ||   117
         Hand axe          |       |   108 |     2 ||   110
    Use: Scroll            |       |     2 |       ||     2
         Potion            |       |     1 |       ||     1
 Armour: Scale mail        |    40 |    19 |       ||    59
  Dodge: Dodged            |    48 |    36 |       ||    84
  Block: Buckler           |    29 |    71 |     1 ||   101
         Reflection        |       |     1 |       ||     1

Table legend: (Time is in decaauts)
 A = Elapsed time spent in this place.
 B = Non-inter-level travel time spent in this place.
 C = Inter-level travel time spent in this place.
 D = Time resting spent in this place.
 E = Time spent auto-exploring this place.
 F = Levels seen in this place.
 G = Mean time per level.
                   A        B        C        D        E       F      G
               +--------+--------+--------+--------+--------+-----+--------+
         Total |   2095 |   2076 |     19 |      2 |    271 |   5 |  419.0 |
       Dungeon |   2095 |   2076 |     19 |      2 |    271 |   5 |  419.0 |
               +--------+--------+--------+--------+--------+-----+--------+

Top non-repeatable levels by time:
     D:2: 674 daAuts
     D:3: 502 daAuts
     D:4: 478 daAuts
     D:1: 415 daAuts
     D:5: 24 daAuts
